Connexion

Crunch vs Wolf Pack

Created - 8 août 2023 at 08:37

Goals
1 2 3 T
Crunch 2 1 0 3
Wolf Pack 2 2 1 5
Shots
1 2 3 T
Crunch 15 9 12 36
Wolf Pack 7 9 9 25

GoalsPenalties
1st period
1. Crunch , Nicolas Aube-Kubel 2 (Thomas Tynan 2) at 6:27
2. Crunch , Nicolas Aube-Kubel 3 (Xavier Bouchard 3, Riley Nash 2) at 7:15
3. Wolf Pack , Dave Gust 2 (Zac Dalpe 4, Brad Richardson 1) at 11:47
4. Wolf Pack , Nick Lappin 1 (Shane Bowers 2, Michael Kapla 3) at 16:25
Kyle Wood (HAR) for Hooking (Minor) at 4:31
Jean-Gabriel Pageau (SYR) for Hooking (Minor) at 4:31
Paul Bittner (SYR) for Hooking (Minor) at 12:10
Daniel Walcott (HAR) for Hooking (Minor) at 17:29
2nd period
5. Crunch , Thomas Tynan 2 (Blaine Byron 2, Connor Corcoran 3) at 4:52
6. Wolf Pack , Joe Thornton 3 (Cole Bardreau 3, Michael Kapla 4) at 9:22
7. Wolf Pack , Jeremy Bracco 4 (Joe Thornton 3, Daniel Walcott 5) at 15:41
Jaycob Megna (SYR) for Cross-checking (Minor) at 7:12
Matt Donovan (HAR) for Hooking (Minor) at 10:43
3rd period
8. Wolf Pack , Joe Thornton 4 (Michael Kapla 5, Cole Bardreau 4) at 2:58
Kyle Wood (HAR) for Slashing (Minor) at 11:48
Goalie Stats
Anthony Stolarz (SYR), 13 saves from 18 shots - (0,722), L, 3-2-0, 42:58 minutes
Tyler Parsons (SYR), 7 saves from 7 shots - (1,000), 17:02 minutes
Mads Sogaard (HAR), 33 saves from 36 shots - (0,917), W, 2-2-1, 60:00 minutes
3 StarsOfficial
1 - Joe Thornton (HAR)
2 - Nicolas Aube-Kubel (SYR)
3 - Michael Kapla (HAR)
Referees : Frederick L'Ecuyer and Jean Hebert
Linesman : Derek Nansen and Ryan Galloway
Game Note
Tyler Parsons enters game at 2:58 of 3rd period
Finance
Level 1 -- Attendance: 1771 (88,55%) -- Ticket Income 61 985 $
Level 2 -- Attendance: 968 (96,80%) -- Ticket Income 14 520 $
Total Attendance: 2739 (91,30%)
Total Ticket Income: 76 505 $
Other Income: 15 301 $
Total Income: 91 806 $



Team Name Goals Shots Shots Attemp Shots Blocked PIM HIT PP PK FO%
Crunch 3367776200 / 3 (0%)060%
Wolf Pack 52547118180 / 2 (0%)040%

Crunch
Player Name POS G A P +/- PIM HIT SHT SB MP PP MP PP SHT PK MP PK SHT FO% FOT
Austin StrandD000-1000022:472:1502:1800% 0
Axel AnderssonD000-1002322:462:1402:1800% 0
Blaine ByronC/LW0110001017:002:3100:470100% 1
Connor CorcoranD0110002022:183:4220:5300% 0
Garnet HathawayRW0000061016:132:3100:0000% 2
Jaycob MegnaD0000251122:173:4210:5300% 0
Jean-Christophe BeaudinC/RW000-201107:110:0001:13040% 10
Jean-Gabriel PageauC000-2203021:083:2601:18071% 24
Kody ClarkRW000-201206:160:0000:0000% 0
Mason ShawC/LW000-2014019:503:2500:000100% 2
Mike VecchioneC/RW000-2004021:093:2600:3500% 1
Mikko KokkonenD0000000114:450:0100:4700% 0
Nicolas Aube-KubelRW2021025013:110:0100:00067% 6
Patrick HarperC/LW0000003012:120:0000:0000% 1
Paul BittnerLW000-222105:570:0000:0000% 0
Riley NashC0111022014:200:0001:36075% 12
Thomas TynanC1121003019:562:3102:27052% 21
Xavier BouchardD0110001214:440:0000:4700% 0
Wolf Pack
Player Name POS G A P +/- PIM HIT SHT SB MP PP MP PP SHT PK MP PK SHT FO% FOT
Ben HolmstromC/RW0000001216:141:1900:00056% 16
Brad RichardsonC/LW/RW0111033016:392:2901:560100% 1
Cole BardreauC/RW0222022016:320:0000:5400% 0
Daniel WalcottD0111222022:122:1001:4100% 0
Dave GustRW1010003018:092:2903:4900% 0
Emile PoirierLW/RW0000002016:141:1910:0000% 1
Jeremy BraccoLW/RW1012001015:380:0000:0000% 0
Joe ThorntonC2132003015:480:1000:00032% 22
Kyle WoodD0002420115:010:0001:5200% 0
Luke WitkowskiRW0000023019:131:1901:48050% 2
Matt DonovanD000-1240422:431:4802:2400% 0
Michael KaplaD0332000113:370:1000:0000% 0
Nick LappinC/RW101000106:300:0000:00018% 11
Seth HelgesonD0001000022:352:1002:1900% 0
Shane BowersC/RW011000006:300:0000:0000% 0
Ty RonningRW000000000:100:1000:0000% 0
Tyler WotherspoonD000-1010323:481:3803:3800% 0
Zac Dalpe C/LW/RW0110024024:272:3903:27044% 27



Play-by-Play

1st period


0:01 of 1st period - Zac Dalpe wins face-off versus Mike Vecchione in neutral zone.
0:22 of 1st period - Shot by Mason Shaw.
0:22 of 1st period - Stopped by Mads Sogaard without a rebound.
0:23 of 1st period - Ben Holmstrom wins face-off versus Thomas Tynan in Wolf Pack zone.
0:35 of 1st period - Shot by Luke Witkowski.
0:35 of 1st period - Stopped by Anthony Stolarz with a rebound.
0:37 of 1st period - Shot by Daniel Walcott.
0:37 of 1st period - Stopped by Anthony Stolarz without a rebound.
0:38 of 1st period - Joe Thornton wins face-off versus Riley Nash in Crunch zone.
0:53 of 1st period - Shot by Patrick Harper.
0:53 of 1st period - Shot Misses the Net.
0:55 of 1st period - Shot by Riley Nash.
0:55 of 1st period - Shot Blocked by Michael Kapla.
0:57 of 1st period - Shot by Patrick Harper.
0:57 of 1st period - Stopped by Mads Sogaard without a rebound.
0:58 of 1st period - Jean-Christophe Beaudin wins face-off versus Nick Lappin in Wolf Pack zone.
0:59 of 1st period - Shot by Axel Andersson.
0:59 of 1st period - Stopped by Mads Sogaard without a rebound.
1:00 of 1st period - Jean-Christophe Beaudin wins face-off versus Zac Dalpe in Wolf Pack zone.
1:11 of 1st period - Jean-Christophe Beaudin is hit by Matt Donovan and loses puck.
2:28 of 1st period - Shot by Jean-Gabriel Pageau.
2:28 of 1st period - Shot Misses the Net.
2:30 of 1st period - Shot by Connor Corcoran.
2:30 of 1st period - Shot Blocked by Ben Holmstrom.
2:47 of 1st period - Thomas Tynan is hit by Daniel Walcott and loses puck.
2:56 of 1st period - Shot by Thomas Tynan.
2:56 of 1st period - Stopped by Mads Sogaard without a rebound.
2:57 of 1st period - Riley Nash wins face-off versus Joe Thornton in Wolf Pack zone.
3:12 of 1st period - Shot by Nicolas Aube-Kubel.
3:12 of 1st period - Shot Misses the Net.
3:14 of 1st period - Shot by Patrick Harper.
3:14 of 1st period - Deflect By Nicolas Aube-Kubel.
3:14 of 1st period - Stopped by Mads Sogaard with a rebound.
3:29 of 1st period - Icing by Michael Kapla.
3:30 of 1st period - Joe Thornton wins face-off versus Thomas Tynan in Wolf Pack zone.
3:37 of 1st period - Shot by Axel Andersson.
3:37 of 1st period - Shot Misses the Net.
3:48 of 1st period - Icing by Kyle Wood.
3:49 of 1st period - Jean-Gabriel Pageau wins face-off versus Joe Thornton in Wolf Pack zone.
4:31 of 1st period - Minor Penalty to Kyle Wood for Hooking.
4:31 of 1st period - Minor Penalty to Jean-Gabriel Pageau for Hooking.
4:32 of 1st period - Nicolas Aube-Kubel wins face-off versus Zac Dalpe in Wolf Pack zone.
5:06 of 1st period - Icing by Thomas Tynan.
5:07 of 1st period - Brad Richardson wins face-off versus Nicolas Aube-Kubel in Crunch zone.
5:14 of 1st period - Shot by Seth Helgeson.
5:14 of 1st period - Shot Misses the Net.
5:30 of 1st period - Shot by Mike Vecchione.
5:30 of 1st period - Stopped by Mads Sogaard with a rebound.
6:01 of 1st period - Shot by Connor Corcoran.
6:01 of 1st period - Shot Misses the Net.
6:25 of 1st period - Shot by Kody Clark.
6:25 of 1st period - Stopped by Mads Sogaard without a rebound.
6:26 of 1st period - Nicolas Aube-Kubel wins face-off versus Zac Dalpe in Wolf Pack zone.
6:27 of 1st period - Shot by Thomas Tynan.
6:27 of 1st period - Deflect By Nicolas Aube-Kubel.
6:27 of 1st period - Goal by Nicolas Aube-Kubel - Crunch : 1 - Wolf Pack : 0.
6:28 of 1st period - Zac Dalpe wins face-off versus Nicolas Aube-Kubel in neutral zone.
6:35 of 1st period - Shot by Cole Bardreau.
6:35 of 1st period - Stopped by Anthony Stolarz without a rebound.
6:36 of 1st period - Riley Nash wins face-off versus Nick Lappin in Crunch zone.
6:47 of 1st period - Shot by Patrick Harper.
6:47 of 1st period - Shot Misses the Net.
6:49 of 1st period - Shot by Riley Nash.
6:49 of 1st period - Shot Blocked by Matt Donovan.
7:15 of 1st period - Shot by Nicolas Aube-Kubel.
7:15 of 1st period - Goal by Nicolas Aube-Kubel - Crunch : 2 - Wolf Pack : 0.
7:16 of 1st period - Joe Thornton wins face-off versus Thomas Tynan in neutral zone.
7:16 of 1st period - Joe Thornton is hit by Garnet Hathaway.
7:22 of 1st period - Icing by Garnet Hathaway.
7:23 of 1st period - Thomas Tynan wins face-off versus Joe Thornton in Crunch zone.
7:33 of 1st period - Icing by Jeremy Bracco.
7:34 of 1st period - Joe Thornton wins face-off versus Jean-Gabriel Pageau in Wolf Pack zone.
7:55 of 1st period - Jean-Gabriel Pageau is hit by Cole Bardreau and loses puck.
8:22 of 1st period - Dave Gust is hit by Mason Shaw and loses puck.
8:38 of 1st period - Thomas Tynan is hit by Tyler Wotherspoon and loses puck.
9:02 of 1st period - Icing by Connor Corcoran.
9:03 of 1st period - Thomas Tynan wins face-off versus Luke Witkowski in Crunch zone.
10:01 of 1st period - Shot by Nicolas Aube-Kubel.
10:01 of 1st period - Deflect By Riley Nash.
10:01 of 1st period - Shot Misses the Net.
10:57 of 1st period - Shot by Mason Shaw.
10:57 of 1st period - Shot Misses the Net.
11:43 of 1st period - Shot by Zac Dalpe .
11:43 of 1st period - Shot Misses the Net.
11:45 of 1st period - Shot by Zac Dalpe .
11:45 of 1st period - Stopped by Anthony Stolarz with a rebound.
11:47 of 1st period - Shot by Dave Gust.
11:47 of 1st period - Goal by Dave Gust - Crunch : 2 - Wolf Pack : 1.
11:48 of 1st period - Ben Holmstrom wins face-off versus Garnet Hathaway in neutral zone.
12:06 of 1st period - Shot by Blaine Byron.
12:06 of 1st period - Stopped by Mads Sogaard without a rebound.
12:07 of 1st period - Nick Lappin wins face-off versus Jean-Christophe Beaudin in Wolf Pack zone.
12:07 of 1st period - Nick Lappin is hit by Paul Bittner.
12:10 of 1st period - Minor Penalty to Paul Bittner for Hooking.
12:11 of 1st period - Ben Holmstrom wins face-off versus Jean-Gabriel Pageau in Crunch zone.
12:32 of 1st period - Shot by Emile Poirier.
12:32 of 1st period - Stopped by Anthony Stolarz without a rebound.
12:33 of 1st period - Thomas Tynan wins face-off versus Zac Dalpe in Crunch zone.
12:33 of 1st period - Thomas Tynan is hit by Zac Dalpe .
15:41 of 1st period - Shot by Ben Holmstrom.
15:41 of 1st period - Shot Misses the Net.
16:12 of 1st period - Icing by Kyle Wood.
16:13 of 1st period - Thomas Tynan wins face-off versus Nick Lappin in Wolf Pack zone.
16:23 of 1st period - Shot by Shane Bowers.
16:23 of 1st period - Shot Misses the Net.
16:25 of 1st period - Shot by Nick Lappin.
16:25 of 1st period - Goal by Nick Lappin - Crunch : 2 - Wolf Pack : 2.
16:26 of 1st period - Jean-Gabriel Pageau wins face-off versus Joe Thornton in neutral zone.
16:26 of 1st period - Mike Vecchione is hit by Cole Bardreau and loses puck.
16:44 of 1st period - Shot by Jean-Gabriel Pageau.
16:44 of 1st period - Shot Misses the Net.
16:46 of 1st period - Shot by Jean-Gabriel Pageau.
16:46 of 1st period - Stopped by Mads Sogaard with a rebound.
17:29 of 1st period - Minor Penalty to Daniel Walcott for Hooking.
17:30 of 1st period - Thomas Tynan wins face-off versus Zac Dalpe in Wolf Pack zone.
18:00 of 1st period - Tyler Wotherspoon is hit by Garnet Hathaway and loses puck.
18:25 of 1st period - Shot by Axel Andersson.
18:25 of 1st period - Shot Misses the Net.
18:27 of 1st period - Shot by Mike Vecchione.
18:27 of 1st period - Shot Misses the Net.
19:13 of 1st period - Shot by Connor Corcoran.
19:13 of 1st period - Stopped by Mads Sogaard with a rebound.
19:40 of 1st period - Shot by Jean-Christophe Beaudin.
19:40 of 1st period - Shot Misses the Net.
19:42 of 1st period - Shot by Xavier Bouchard.
19:42 of 1st period - Stopped by Mads Sogaard with a rebound.
19:44 of 1st period - Shot by Paul Bittner.
19:44 of 1st period - Stopped by Mads Sogaard without a rebound.
19:45 of 1st period - Riley Nash wins face-off versus Ben Holmstrom in Wolf Pack zone.
19:45 of 1st period - Patrick Harper is hit by Kyle Wood and loses puck.
19:52 of 1st period - Shot by Mikko Kokkonen.
19:52 of 1st period - Shot Misses the Net.
19:56 of 1st period - Shot by Riley Nash.
19:56 of 1st period - Stopped by Mads Sogaard with a rebound.
Goals for this period are 2 for Crunch vs 2 for Wolf Pack.
Shots for this period are 15 for Crunch vs 7 for Wolf Pack.

2nd period


0:01 of 2nd period - Jean-Gabriel Pageau wins face-off versus Zac Dalpe in neutral zone.
0:06 of 2nd period - Shot by Mason Shaw.
0:06 of 2nd period - Shot Misses the Net.
0:18 of 2nd period - Shot by Mike Vecchione.
0:18 of 2nd period - Stopped by Mads Sogaard without a rebound.
0:19 of 2nd period - Ben Holmstrom wins face-off versus Thomas Tynan in Wolf Pack zone.
0:19 of 2nd period - Ben Holmstrom is hit by Garnet Hathaway.
0:53 of 2nd period - Shot by Daniel Walcott.
0:53 of 2nd period - Stopped by Anthony Stolarz with a rebound.
1:12 of 2nd period - Zac Dalpe is hit by Jaycob Megna and loses puck.
1:15 of 2nd period - Shot by Dave Gust.
1:15 of 2nd period - Shot Misses the Net.
1:31 of 2nd period - Shot by Dave Gust.
1:31 of 2nd period - Stopped by Anthony Stolarz without a rebound.
1:32 of 2nd period - Jean-Gabriel Pageau wins face-off versus Joe Thornton in Crunch zone.
1:52 of 2nd period - Icing by Michael Kapla.
1:53 of 2nd period - Riley Nash wins face-off versus Joe Thornton in Wolf Pack zone.
2:40 of 2nd period - Zac Dalpe is hit by Nicolas Aube-Kubel and loses puck.
3:01 of 2nd period - Matt Donovan is hit by Nicolas Aube-Kubel and loses puck.
4:22 of 2nd period - Icing by Connor Corcoran.
4:23 of 2nd period - Joe Thornton wins face-off versus Thomas Tynan in Crunch zone.
4:52 of 2nd period - Shot by Thomas Tynan.
4:52 of 2nd period - Goal by Thomas Tynan - Crunch : 3 - Wolf Pack : 2.
4:53 of 2nd period - Zac Dalpe wins face-off versus Jean-Christophe Beaudin in neutral zone.
4:53 of 2nd period - Zac Dalpe is hit by Kody Clark.
4:57 of 2nd period - Shot by Zac Dalpe .
4:57 of 2nd period - Shot Blocked by Axel Andersson.
4:59 of 2nd period - Shot by Dave Gust.
4:59 of 2nd period - Shot Misses the Net.
5:01 of 2nd period - Shot by Zac Dalpe .
5:01 of 2nd period - Shot Blocked by Axel Andersson.
5:03 of 2nd period - Shot by Dave Gust.
5:03 of 2nd period - Shot Misses the Net.
5:05 of 2nd period - Shot by Dave Gust.
5:05 of 2nd period - Shot Blocked by Axel Andersson.
5:07 of 2nd period - Shot by Brad Richardson.
5:07 of 2nd period - Stopped by Anthony Stolarz without a rebound.
5:08 of 2nd period - Jean-Gabriel Pageau wins face-off versus Nick Lappin in Crunch zone.
5:43 of 2nd period - Nick Lappin is hit by Jaycob Megna and loses puck.
6:19 of 2nd period - Joe Thornton is hit by Jaycob Megna and loses puck.
6:52 of 2nd period - Ben Holmstrom is hit by Jaycob Megna and loses puck.
6:59 of 2nd period - Shot by Kyle Wood.
6:59 of 2nd period - Shot Blocked by Jaycob Megna.
7:01 of 2nd period - Shot by Kyle Wood.
7:01 of 2nd period - Deflect By Luke Witkowski.
7:01 of 2nd period - Shot Misses the Net.
7:03 of 2nd period - Shot by Luke Witkowski.
7:03 of 2nd period - Shot Misses the Net.
7:12 of 2nd period - Minor Penalty to Jaycob Megna for Cross-checking.
7:13 of 2nd period - Zac Dalpe wins face-off versus Jean-Christophe Beaudin in Crunch zone.
9:07 of 2nd period - Joe Thornton is hit by Riley Nash and loses puck.
9:22 of 2nd period - Shot by Joe Thornton.
9:22 of 2nd period - Goal by Joe Thornton - Crunch : 3 - Wolf Pack : 3.
9:23 of 2nd period - Joe Thornton wins face-off versus Patrick Harper in neutral zone.
9:26 of 2nd period - Shot by Jeremy Bracco.
9:26 of 2nd period - Shot Blocked by Xavier Bouchard.
9:40 of 2nd period - Shot by Nicolas Aube-Kubel.
9:40 of 2nd period - Stopped by Mads Sogaard without a rebound.
9:41 of 2nd period - Jean-Christophe Beaudin wins face-off versus Nick Lappin in Wolf Pack zone.
9:44 of 2nd period - Shot by Kody Clark.
9:44 of 2nd period - Shot Hit the Post.
9:57 of 2nd period - Icing by Zac Dalpe .
9:58 of 2nd period - Thomas Tynan wins face-off versus Nick Lappin in Wolf Pack zone.
10:41 of 2nd period - Luke Witkowski is hit by Riley Nash and loses puck.
10:43 of 2nd period - Minor Penalty to Matt Donovan for Hooking.
10:44 of 2nd period - Jean-Gabriel Pageau wins face-off versus Zac Dalpe in Wolf Pack zone.
10:47 of 2nd period - Shot by Austin Strand.
10:47 of 2nd period - Shot Blocked by Tyler Wotherspoon.
11:16 of 2nd period - Shot by Austin Strand.
11:16 of 2nd period - Shot Misses the Net.
11:18 of 2nd period - Shot by Mike Vecchione.
11:18 of 2nd period - Shot Blocked by Tyler Wotherspoon.
11:52 of 2nd period - Shot by Connor Corcoran.
11:52 of 2nd period - Stopped by Mads Sogaard without a rebound.
11:53 of 2nd period - Zac Dalpe wins face-off versus Jean-Gabriel Pageau in Wolf Pack zone.
11:59 of 2nd period - Icing by Jean-Gabriel Pageau.
12:00 of 2nd period - Jean-Gabriel Pageau wins face-off versus Zac Dalpe in Crunch zone.
12:56 of 2nd period - Off-side.
12:57 of 2nd period - Ben Holmstrom wins face-off versus Thomas Tynan in neutral zone.
13:02 of 2nd period - Shot by Ben Holmstrom.
13:02 of 2nd period - Stopped by Anthony Stolarz without a rebound.
13:03 of 2nd period - Thomas Tynan wins face-off versus Ben Holmstrom in Crunch zone.
13:10 of 2nd period - Emile Poirier is hit by Garnet Hathaway and loses puck.
13:28 of 2nd period - Thomas Tynan is hit by Daniel Walcott and loses puck.
13:37 of 2nd period - Seth Helgeson is hit by Garnet Hathaway and loses puck.
13:49 of 2nd period - Icing by Seth Helgeson.
13:50 of 2nd period - Ben Holmstrom wins face-off versus Riley Nash in Wolf Pack zone.
14:18 of 2nd period - Shot by Dave Gust.
14:18 of 2nd period - Shot Misses the Net.
14:26 of 2nd period - Shot by Zac Dalpe .
14:26 of 2nd period - Shot Misses the Net.
14:30 of 2nd period - Shot by Zac Dalpe .
14:30 of 2nd period - Stopped by Anthony Stolarz without a rebound.
14:31 of 2nd period - Jean-Gabriel Pageau wins face-off versus Joe Thornton in Crunch zone.
14:42 of 2nd period - Shot by Jean-Gabriel Pageau.
14:42 of 2nd period - Deflect By Mason Shaw.
14:42 of 2nd period - Stopped by Mads Sogaard without a rebound.
14:43 of 2nd period - Nick Lappin wins face-off versus Thomas Tynan in Wolf Pack zone.
15:09 of 2nd period - Shot by Thomas Tynan.
15:09 of 2nd period - Shot Blocked by Matt Donovan.
15:11 of 2nd period - Shot by Garnet Hathaway.
15:11 of 2nd period - Shot Blocked by Tyler Wotherspoon.
15:13 of 2nd period - Shot by Garnet Hathaway.
15:13 of 2nd period - Stopped by Mads Sogaard without a rebound.
15:14 of 2nd period - Jean-Gabriel Pageau wins face-off versus Joe Thornton in Wolf Pack zone.
15:17 of 2nd period - Shot by Mason Shaw.
15:17 of 2nd period - Shot Misses the Net.
15:41 of 2nd period - Shot by Jeremy Bracco.
15:41 of 2nd period - Goal by Jeremy Bracco - Crunch : 3 - Wolf Pack : 4.
15:42 of 2nd period - Riley Nash wins face-off versus Zac Dalpe in neutral zone.
16:30 of 2nd period - Axel Andersson is hit by Luke Witkowski and loses puck.
17:37 of 2nd period - Shot by Mason Shaw.
17:37 of 2nd period - Stopped by Mads Sogaard without a rebound.
17:38 of 2nd period - Thomas Tynan wins face-off versus Nick Lappin in Wolf Pack zone.
17:47 of 2nd period - Shot by Thomas Tynan.
17:47 of 2nd period - Shot Blocked by Matt Donovan.
18:14 of 2nd period - Blaine Byron is hit by Matt Donovan and loses puck.
18:18 of 2nd period - Icing by Zac Dalpe .
18:19 of 2nd period - Jean-Gabriel Pageau wins face-off versus Nick Lappin in Wolf Pack zone.
18:27 of 2nd period - Mason Shaw is hit by Matt Donovan and loses puck.
18:52 of 2nd period - Shot by Mike Vecchione.
18:52 of 2nd period - Stopped by Mads Sogaard with a rebound.
18:56 of 2nd period - Shot by Jean-Gabriel Pageau.
18:56 of 2nd period - Deflect By Mason Shaw.
18:56 of 2nd period - Shot Misses the Net.
18:58 of 2nd period - Shot by Jean-Gabriel Pageau.
18:58 of 2nd period - Stopped by Mads Sogaard without a rebound.
18:59 of 2nd period - Luke Witkowski wins face-off versus Jean-Christophe Beaudin in Wolf Pack zone.
19:21 of 2nd period - Kody Clark is hit by Luke Witkowski and loses puck.
19:38 of 2nd period - Shot by Luke Witkowski.
19:38 of 2nd period - Stopped by Anthony Stolarz without a rebound.
19:39 of 2nd period - Joe Thornton wins face-off versus Garnet Hathaway in Crunch zone.
19:39 of 2nd period - Jeremy Bracco is hit by Jaycob Megna and loses puck.
19:42 of 2nd period - Shot by Joe Thornton.
19:42 of 2nd period - Stopped by Anthony Stolarz without a rebound.
19:43 of 2nd period - Jean-Gabriel Pageau wins face-off versus Joe Thornton in Crunch zone.
Goals for this period are 1 for Crunch vs 2 for Wolf Pack.
Shots for this period are 9 for Crunch vs 9 for Wolf Pack.

3rd period


0:01 of 3rd period - Zac Dalpe wins face-off versus Jean-Gabriel Pageau in neutral zone.
0:04 of 3rd period - Austin Strand is hit by Zac Dalpe .
0:08 of 3rd period - Shot by Axel Andersson.
0:08 of 3rd period - Shot Blocked by Matt Donovan.
0:20 of 3rd period - Shot by Mike Vecchione.
0:20 of 3rd period - Stopped by Mads Sogaard without a rebound.
0:21 of 3rd period - Thomas Tynan wins face-off versus Ben Holmstrom in Wolf Pack zone.
0:30 of 3rd period - Shot by Thomas Tynan.
0:30 of 3rd period - Stopped by Mads Sogaard without a rebound.
0:31 of 3rd period - Zac Dalpe wins face-off versus Jean-Gabriel Pageau in Wolf Pack zone.
0:33 of 3rd period - Icing by Tyler Wotherspoon.
0:34 of 3rd period - Zac Dalpe wins face-off versus Jean-Gabriel Pageau in Wolf Pack zone.
0:40 of 3rd period - Icing by Austin Strand.
0:41 of 3rd period - Jean-Gabriel Pageau wins face-off versus Zac Dalpe in Crunch zone.
1:04 of 3rd period - Shot by Brad Richardson.
1:04 of 3rd period - Stopped by Anthony Stolarz without a rebound.
1:05 of 3rd period - Thomas Tynan wins face-off versus Ben Holmstrom in Crunch zone.
1:29 of 3rd period - Ben Holmstrom is hit by Garnet Hathaway and loses puck.
1:44 of 3rd period - Shot by Garnet Hathaway.
1:44 of 3rd period - Shot Misses the Net.
1:46 of 3rd period - Shot by Garnet Hathaway.
1:46 of 3rd period - Shot Misses the Net.
2:08 of 3rd period - Shot by Mason Shaw.
2:08 of 3rd period - Stopped by Mads Sogaard without a rebound.
2:09 of 3rd period - Zac Dalpe wins face-off versus Jean-Christophe Beaudin in Wolf Pack zone.
2:09 of 3rd period - Zac Dalpe is hit by Jean-Christophe Beaudin.
2:21 of 3rd period - Shot by Kody Clark.
2:21 of 3rd period - Stopped by Mads Sogaard without a rebound.
2:22 of 3rd period - Jean-Gabriel Pageau wins face-off versus Joe Thornton in Wolf Pack zone.
2:23 of 3rd period - Shot by Mason Shaw.
2:23 of 3rd period - Shot Blocked by Kyle Wood.
2:58 of 3rd period - Shot by Joe Thornton.
2:58 of 3rd period - Goal by Joe Thornton - Crunch : 3 - Wolf Pack : 5.
2:58 of 3rd period - Tyler Parsons enters game.
2:59 of 3rd period - Zac Dalpe wins face-off versus Thomas Tynan in neutral zone.
3:12 of 3rd period - Connor Corcoran is hit by Brad Richardson.
3:36 of 3rd period - Shot by Zac Dalpe .
3:36 of 3rd period - Stopped by Tyler Parsons without a rebound.
3:37 of 3rd period - Riley Nash wins face-off versus Ben Holmstrom in Crunch zone.
3:50 of 3rd period - Shot by Nicolas Aube-Kubel.
3:50 of 3rd period - Stopped by Mads Sogaard without a rebound.
3:51 of 3rd period - Jean-Gabriel Pageau wins face-off versus Joe Thornton in Wolf Pack zone.
4:12 of 3rd period - Shot by Jeremy Bracco.
4:12 of 3rd period - Shot Misses the Net.
4:40 of 3rd period - Jean-Gabriel Pageau is hit by Matt Donovan and loses puck.
5:09 of 3rd period - Shot by Dave Gust.
5:09 of 3rd period - Stopped by Tyler Parsons without a rebound.
5:10 of 3rd period - Riley Nash wins face-off versus Ben Holmstrom in Crunch zone.
5:37 of 3rd period - Shot by Ben Holmstrom.
5:37 of 3rd period - Deflect By Emile Poirier.
5:37 of 3rd period - Shot Blocked by Xavier Bouchard.
5:47 of 3rd period - Icing by Ben Holmstrom.
5:48 of 3rd period - Ben Holmstrom wins face-off versus Thomas Tynan in Wolf Pack zone.
6:37 of 3rd period - Shot by Brad Richardson.
6:37 of 3rd period - Stopped by Tyler Parsons with a rebound.
6:39 of 3rd period - Shot by Zac Dalpe .
6:39 of 3rd period - Stopped by Tyler Parsons without a rebound.
6:40 of 3rd period - Jean-Christophe Beaudin wins face-off versus Joe Thornton in Crunch zone.
7:04 of 3rd period - Shot by Axel Andersson.
7:04 of 3rd period - Stopped by Mads Sogaard without a rebound.
7:05 of 3rd period - Jean-Gabriel Pageau wins face-off versus Ben Holmstrom in Wolf Pack zone.
7:16 of 3rd period - Shot by Mike Vecchione.
7:16 of 3rd period - Shot Misses the Net.
7:36 of 3rd period - Shot by Luke Witkowski.
7:36 of 3rd period - Stopped by Tyler Parsons without a rebound.
7:37 of 3rd period - Riley Nash wins face-off versus Zac Dalpe in Crunch zone.
7:37 of 3rd period - Axel Andersson is hit by Brad Richardson and loses puck.
8:36 of 3rd period - Icing by Jeremy Bracco.
8:37 of 3rd period - Mason Shaw wins face-off versus Joe Thornton in Wolf Pack zone.
8:52 of 3rd period - Shot by Jean-Gabriel Pageau.
8:52 of 3rd period - Stopped by Mads Sogaard without a rebound.
8:53 of 3rd period - Ben Holmstrom wins face-off versus Thomas Tynan in Wolf Pack zone.
9:01 of 3rd period - Shot by Emile Poirier.
9:01 of 3rd period - Stopped by Tyler Parsons without a rebound.
9:02 of 3rd period - Mason Shaw wins face-off versus Nick Lappin in Crunch zone.
11:33 of 3rd period - Paul Bittner is hit by Kyle Wood and loses puck.
11:48 of 3rd period - Minor Penalty to Kyle Wood for Slashing.
11:49 of 3rd period - Zac Dalpe wins face-off versus Jean-Gabriel Pageau in Wolf Pack zone.
12:11 of 3rd period - Off-side.
12:12 of 3rd period - Jean-Gabriel Pageau wins face-off versus Zac Dalpe in neutral zone.
12:29 of 3rd period - Shot by Mason Shaw.
12:29 of 3rd period - Shot Misses the Net.
12:31 of 3rd period - Shot by Jaycob Megna.
12:31 of 3rd period - Stopped by Mads Sogaard without a rebound.
12:32 of 3rd period - Jean-Gabriel Pageau wins face-off versus Zac Dalpe in Wolf Pack zone.
12:59 of 3rd period - Shot by Jean-Gabriel Pageau.
12:59 of 3rd period - Shot Misses the Net.
13:01 of 3rd period - Shot by Jaycob Megna.
13:01 of 3rd period - Shot Misses the Net.
13:11 of 3rd period - Shot by Thomas Tynan.
13:11 of 3rd period - Shot Misses the Net.
13:45 of 3rd period - Icing by Thomas Tynan.
13:46 of 3rd period - Thomas Tynan wins face-off versus Zac Dalpe in Crunch zone.
13:54 of 3rd period - Off-side.
13:55 of 3rd period - Riley Nash wins face-off versus Joe Thornton in neutral zone.
14:02 of 3rd period - Shot by Riley Nash.
14:02 of 3rd period - Stopped by Mads Sogaard without a rebound.
14:03 of 3rd period - Ben Holmstrom wins face-off versus Riley Nash in Wolf Pack zone.
14:07 of 3rd period - Off-side.
14:08 of 3rd period - Nicolas Aube-Kubel wins face-off versus Zac Dalpe in neutral zone.
14:13 of 3rd period - Shot by Riley Nash.
14:13 of 3rd period - Shot Misses the Net.
14:15 of 3rd period - Shot by Nicolas Aube-Kubel.
14:15 of 3rd period - Deflect By Riley Nash.
14:15 of 3rd period - Shot Misses the Net.
14:17 of 3rd period - Shot by Patrick Harper.
14:17 of 3rd period - Stopped by Mads Sogaard with a rebound.
15:16 of 3rd period - Jean-Gabriel Pageau is hit by Brad Richardson and loses puck.
16:05 of 3rd period - Icing by Blaine Byron.
16:06 of 3rd period - Blaine Byron wins face-off versus Joe Thornton in Crunch zone.
16:35 of 3rd period - Shot by Cole Bardreau.
16:35 of 3rd period - Deflect By Joe Thornton.
16:35 of 3rd period - Shot Blocked by Mikko Kokkonen.
16:37 of 3rd period - Shot by Michael Kapla.
16:37 of 3rd period - Shot Misses the Net.
16:39 of 3rd period - Shot by Michael Kapla.
16:39 of 3rd period - Shot Misses the Net.
16:41 of 3rd period - Shot by Cole Bardreau.
16:41 of 3rd period - Stopped by Tyler Parsons with a rebound.
16:43 of 3rd period - Shot by Michael Kapla.
16:43 of 3rd period - Shot Misses the Net.
17:23 of 3rd period - Icing by Seth Helgeson.
17:24 of 3rd period - Nicolas Aube-Kubel wins face-off versus Emile Poirier in Wolf Pack zone.
17:25 of 3rd period - Shot by Patrick Harper.
17:25 of 3rd period - Stopped by Mads Sogaard with a rebound.
17:27 of 3rd period - Shot by Patrick Harper.
17:27 of 3rd period - Deflect By Riley Nash.
17:27 of 3rd period - Shot Misses the Net.
17:29 of 3rd period - Shot by Riley Nash.
17:29 of 3rd period - Shot Blocked by Ben Holmstrom.
18:57 of 3rd period - Off-side.
18:58 of 3rd period - Zac Dalpe wins face-off versus Jean-Christophe Beaudin in neutral zone.
18:58 of 3rd period - Tyler Wotherspoon is hit by Paul Bittner and loses puck.
19:28 of 3rd period - Shot by Jean-Christophe Beaudin.
19:28 of 3rd period - Stopped by Mads Sogaard with a rebound.
19:30 of 3rd period - Shot by Jean-Christophe Beaudin.
19:30 of 3rd period - Shot Misses the Net.
19:32 of 3rd period - Shot by Xavier Bouchard.
19:32 of 3rd period - Shot Misses the Net.
Goals for this period are 0 for Crunch vs 1 for Wolf Pack.
Shots for this period are 12 for Crunch vs 9 for Wolf Pack.